 Dungeon Crawl Stone Soup version 0.18.1-48-g4cf74bf (webtiles) character file.

1008 theElss the Conjurer (level 8, 0/54 HPs)
             Began as a High Elf Conjurer on Sept 7, 2016.
             Shot with an arrow by a centaur (10 damage)
             ... on level 6 of the Dungeon on Sept 8, 2016.
             The game lasted 00:16:54 (5211 turns).

theElss the Conjurer (High Elf Conjurer)            Turns: 5211, Time: 00:16:55

Health: 0/54       AC:  4    Str:  7    XL:     8   Next: 1%
Magic:  3/19       EV: 13    Int: 26    God:
Gold:   242        SH:  0    Dex: 15    Spells: 4 memorised, 8 levels left

rFire  . . .     SeeInvis .     F - +0 whip (elec)
rCold  . . .     Gourm    .     a - +0 robe
rNeg   . . .     Faith    .     (no shield)
rPois  .         Spirit   .     f - +0 helmet
rElec  .         Dismiss  .     y - +0 cloak
rCorr  .         Reflect  .     (no gloves)
SustAt +         Harm     .     (no boots)
MR     .....                    (no amulet)
Stlth  ++........               v - +4 ring of intelligence
                                m - ring of sustain attributes

@: drained, not resistant to hostile enchantments, unstealthy
A: no striking features
a: no special abilities


You were on level 6 of the Dungeon.
You were hungry.

You visited 1 branch of the dungeon, and saw 6 of its levels.

You collected 242 gold pieces.

Inventory:

Hand Weapons
 h - a +0 mace
 F - a +0 whip of electrocution (weapon)
Armour
 a - a +0 robe (worn)
 f - a +0 helmet (worn)
 y - a +0 cloak (worn)
 A - a +0 leather armour
Magical Staves
 z - an uncursed staff of air
Jewellery
 m - a ring of sustain attributes (left hand)
 v - a +4 ring of intelligence (right hand)
Wands
 B - a wand of flame (32/48)
 J - a wand of enslavement (13/24)
Scrolls
 g - 3 scrolls of random uselessness {unknown}
 i - 3 scrolls of noise {unknown}
 l - 4 scrolls of identify {unknown}
 q - 2 scrolls of remove curse {unknown}
 r - a scroll of fog {unknown}
 s - 3 scrolls of immolation {unknown}
 t - a scroll of enchant weapon {unknown}
 w - a scroll of enchant armour {unknown}
 C - 3 scrolls of recharging {unknown}
 D - a scroll of blinking {unknown}
Potions
 d - a potion of degeneration {unknown}
 e - a potion of magic {unknown}
 j - 2 potions of resistance {unknown}
 k - 2 potions of cure mutation
 n - 3 potions of curing {unknown}
 o - a potion of agility {unknown}
 u - a potion of might {unknown}
 G - a potion of haste {unknown}
 H - a potion of flight {unknown}
 I - a potion of lignification {unknown}
Books
 b - a book of Conjurations

   Spells                             Type                      Level
   a - Magic Dart                     Conjuration                  1
   b - Searing Ray                    Conjuration                  2
   c - Dazzling Spray                 Conjuration/Hexes            3
   d - Fulminant Prism                Conjuration/Hexes            4
   e - Iskenderun's Mystic Blast      Conjuration                  4
   f - Iskenderun's Battlesphere      Conjuration/Charms           5
Comestibles
 c - 4 bread rations
 p - a slice of pizza
 x - a royal jelly


   Skills:
 * Level 3.7(3.0) Fighting
 + Level 2.9(2.3) Dodging
 - Level 2.1(1.5) Stealth
 + Level 6.7(6.0) Spellcasting
 + Level 7.6(6.9) Conjurations


You had 8 spell levels left.
You knew the following spells:

 Your Spells              Type           Power        Failure   Level  Hunger
a - Magic Dart            Conj           ####         1%          1    None
b - Iskenderun's Battles  Conj/Chrm      ####....     58%         5    #####..
c - Searing Ray           Conj           #####.       1%          2    None
d - Iskenderun's Mystic   Conj           #####...     6%          4    ###....


Dungeon Overview and Level Annotations

Branches:
Dungeon (6/15)
 Temple: D:4-7

Altars:
Makhleb
Pakellas

Shops:
D:4 }

Annotations:
D:5 Grinder, Pikel


Message History

You don't have enough magic to cast that spell.
Casting: Iskenderun's Mystic Blast
Confirm with . or Enter, or press ? or * to list all spells.
You don't have enough magic to cast that spell.
Casting: Iskenderun's Mystic Blast
Confirm with . or Enter, or press ? or * to list all spells.
Aiming: Magic Dart
Press: ? - help, Shift-Dir - straight line, f - wight
Aim: a wight, wielding a dire flail and wearing a robe (heavily damaged)
The magic dart hits the wight.
The wight is severely damaged.
The wight hits you with a dire flail!
* * * LOW HITPOINT WARNING * * *
You feel drained.
* * * LOW HITPOINT WARNING * * *
A centaur comes into view.
Drink which item? (? for menu, Esc to quit)
It was a potion of cure mutation.
It has a very clean taste.
The centaur wields a shortbow.
The centaur shoots an arrow.
The arrow hits you!
You die...

####........
#####.......z...
#......#.S...>..
#......#........
#......#.....(..
####.###........
#)###$.......
#.<###.......
##)z@.#......
####....# ###c#
#


You could see a centaur and a wight.

Vanquished Creatures
  Edmund (D:5)
  A slave (D:4)
  3 phantoms (D:4)
  A centaur (D:5)
  The ghost of TenguReborn the Conjurer, an amateur TeWz of Sif Muna (D:3)
  2 wights (D:6)
  Crazy Yiuf (D:3)
  A gnoll shaman (D:4)
  2 iguanas (D:4)
  Jessica (D:3)
  2 worker ants
  A hound skeleton (D:4)
  Robin (D:2)
  4 gnolls
  6 adders
  An ooze (D:1)
  3 worms
  A dart slug (D:1)
  4 giant geckos
  5 orcs
  5 bats
  3 giant cockroaches
  12 goblins
  7 hobgoblins
  7 jackals
  3 quokkas
  A ball python (D:2)
  A giant gecko skeleton (D:5)
  6 giant newts
  A jackal skeleton (D:4)
  5 kobolds
  4 rats
97 creatures vanquished.

Notes
Turn   | Place    | Note
--------------------------------------------------------------
     0 | D:1      | theElss the High Elf Conjurer began the quest for the Orb.
     0 | D:1      | Reached XP level 1. HP: 11/11 MP: 4/4
   246 | D:1      | Reached XP level 2. HP: 11/17 MP: 0/6
   341 | D:1      | Learned a level 2 spell: Searing Ray
   888 | D:1      | Reached skill level 5 in Conjurations
   942 | D:1      | Reached XP level 3. HP: 22/22 MP: 1/8
  1480 | D:2      | Reached skill level 1 in Fighting
  1833 | D:2      | Reached XP level 4. HP: 26/28 MP: 3/10
  1892 | D:2      | Learned a level 4 spell: Iskenderun's Mystic Blast
  2335 | D:2      | Noticed Robin
  2370 | D:2      | Killed Robin
  2480 | D:2      | Found a faded altar to an unknown god.
  2673 | D:3      | Noticed Jessica
  2676 | D:3      | Killed Jessica
  2676 | D:3      | Reached XP level 5. HP: 34/34 MP: 7/12
  2763 | D:3      | Noticed TenguReborn's ghost (amateur TeWz)
  2771 | D:3      | Killed TenguReborn's ghost
  2898 | D:3      | Noticed Crazy Yiuf
  2934 | D:3      | Killed Crazy Yiuf
  2934 | D:3      | Reached skill level 6 in Conjurations
  3417 | D:4      | Learned a level 5 spell: Iskenderun's Battlesphere
  3434 | D:4      | Reached XP level 6. HP: 39/39 MP: 8/13
  3580 | D:4      | Found an oddly glowing altar of Pakellas.
  3727 | D:4      | Reached skill level 5 in Spellcasting
  4091 | D:4      | Reached XP level 7. HP: 45/45 MP: 13/16
  4267 | D:4      | Found Xajixuydgh's Gadget Emporium.
  4307 | D:4      | Reached skill level 7 in Conjurations
  4689 | D:5      | Entered Level 5 of the Dungeon
  4697 | D:5      | Found a burning altar of Makhleb.
  4729 | D:5      | Noticed Edmund
  4738 | D:5      | Killed Edmund
  4861 | D:5      | Noticed Pikel
  5096 | D:5      | Noticed Grinder
  5209 | D:6      | Reached XP level 8. HP: 20/54 MP: 3/19
  5211 | D:6      | Shot with an arrow by a centaur

Skill      XL: |  1  2  3  4  5  6  7 |
---------------+----------------------+-----
Conjurations   | 5 6 7 |  7.6
Fighting       | 1 2 3 |  3.7
Spellcasting   | 3 4 5 6 |  6.7
Dodging        | |  2.9
Stealth        | |  2.1

Action                   |  1- 3 |  4- 6 |  7- 9 || total
-------------------------+-------+-------+-------++-------
Melee: Mace              |       |     3 |       ||     3
 Cast: Magic Dart        |    75 |    66 |    34 ||   175
       Searing Ray       |     2 |    12 |     8 ||    22
       Iskenderun's Myst |       |     4 |     6 ||    10
  Use: Potion            |       |       |     1 ||     1
  Eat: Chunk             |     3 |     7 |     4 ||    14
Armor: Robe              |     1 |     2 |       ||     3
Dodge: Dodged            |    10 |     8 |    11 ||    29
